Map: Tropic Shores

Players

Infamous - Winner!

  • Race: Protoss Protoss
  • League: Silver
  • Spawn Location: 0:00

Gyrosman - Winner!

  • Race: Terran Terran
  • Spawn Location: 12:00

RAPHAEL - Winner!

  • Race: Protoss Protoss
  • League: Bronze
  • Spawn Location: 11:00

XMedioo - Winner!

  • Race: Protoss Protoss
  • Spawn Location: 12:00

shadow

  • Race: Terran Terran
  • League: Bronze
  • Spawn Location: 5:00

EmperorTodd

  • Race: Terran Terran
  • Spawn Location: 6:00

Sicario

  • Race: Terran Terran
  • League: Bronze
  • Spawn Location: 5:00

HardRock

  • Race: Terran Terran
  • Spawn Location: 6:00

VOD

Have the link to the VOD?

Description

Time

  • Played on: March 21, 2018, 12:57 p.m.
  • Length: 22:35
Show
View Real Time Build Order
Export as new Build Order

Infamous Protoss - Winner!

Build Orders:  

Get SALT Encoding   

  12  0:03  Probe  
  13  0:15  Probe  
  14  0:21  Pylon  
  14  0:27  Probe  
  15  0:39  Probe  
  16  0:43  Gateway  
  16  0:52  Probe  
  16  0:57  Assimilator  
  17  1:04  Probe (Chrono Boost)  
  18  1:14  Probe (Chrono Boost)  
  19  1:22  Probe  
  20  1:28  Pylon  
  20  1:33  Cybernetics Core  
  20  1:34  Probe  
  21  1:45  Assimilator  
  21  1:46  Probe (Chrono Boost)  
  22  1:50  Zealot  
  24  1:58  Probe (Chrono Boost)  
  25  2:03  Probe (Chrono Boost)  
  25  2:07  Pylon  
  26  2:09  Forge  
  26  2:17  Probe  
  27  2:28  Warp Gate (Chrono Boost)  
  27  2:29  Probe  
  28  2:34  Gateway  
  28  2:36  Gateway  
  27  2:40  Protoss Ground Weapons Level 1 (Chrono Boost)  
  27  2:55  Twilight Council  
  27  2:58  Sentry  
  29  3:20  Nexus  
  29  3:24  Probe  
  30  3:41  Templar Archives  
  30  3:49  Pylon  
  30  4:10  Robotics Facility  
  30  4:13  Probe  
  31  4:27  Protoss Ground Armor Level 1 (Chrono Boost)  
  31  4:29  Probe  
  32  4:32  Pylon  
  32  4:34  Pylon  
  32  4:35  Probe  
  32  4:36  Pylon  
  33  4:46  Shield Battery  
  33  4:52  Probe x2  
  35  4:53  Pylon  
  35  4:57  Stalker x2  
  39  5:06  Observer  
  40  5:16  Probe x2  
  40  5:19  Gateway, Charge  
  40  5:20  Gateway  
  42  5:27  Sentry  
  44  5:39  Stalker  
  44  5:40  Stalker  
  48  5:47  Probe x2  
  50  5:51  Assimilator  
  50  5:57  Gateway  
  50  5:59  Probe x2, Gateway  
  52  6:08  Immortal (Chrono Boost)  
  56  6:22  Probe x2  
  58  6:28  Stalker x3  
  64  6:38  Probe  
  63  6:40  Colossus x2  
  63  6:46  Shield Battery  
  63  6:48  Photon Cannon  
  63  6:50  Probe (Chrono Boost)  
  65  6:55  Probe (Chrono Boost), High Templar  
  67  7:03  Immortal  
  67  7:04  Probe x2 (Chrono Boost)  
  65  7:44  Probe x2  
  65  7:49  Protoss Ground Armor Level 2 (Chrono Boost)  
  65  7:59  Probe (Chrono Boost)  
  65  8:04  Probe (Chrono Boost)  
  67  8:12  Pylon  
  67  8:15  Pylon  
  67  8:20  Gateway  
  67  8:21  Gateway  
  67  8:25  Assimilator  
  67  8:31  Immortal  
  67  8:33  Probe (Chrono Boost)  
  67  8:34  Forge  
  73  8:38  Probe (Chrono Boost)  
  73  8:40  High Templar x3  
  79  8:42  Zealot  
  79  8:44  Zealot x2  
  85  8:49  Archon  
  85  8:50  Archon  
  85  8:55  Probe x2  
  87  9:10  Pylon, Photon Cannon  
  87  9:13  Photon Cannon  
  87  9:15  High Templar x2  
  91  9:20  Archon  
  91  9:29  Immortal  
  95  9:40  Stalker x3  
  101  9:51  Probe  
  101  9:52  Protoss Shields Level 1 (Chrono Boost)  
  102  10:17  Psionic Storm  
  102  10:19  Pylon  
  102  10:21  Pylon  
  102  10:24  Pylon  
  102  10:31  Pylon  
  102  10:33  Pylon  
  102  10:37  Probe x2, Immortal  
  108  10:43  Stalker  
  108  10:44  Stalker x5  
  108  10:49  Probe x2  
  122  11:04  Robotics Bay  
  122  11:09  Probe  
  122  11:10  Probe  
  124  11:17  Stalker x3  
  130  11:20  Zealot x2  
  130  11:21  Zealot  
  58  12:23  High Templar x5  
  68  12:33  Immortal  
  72  12:46  Archon x2  
  72  12:50  Stalker x3  
  78  13:20  High Templar  
  78  13:22  Zealot x4  
  78  13:23  Zealot x3  
  78  13:26  Robotics Facility  
  94  13:34  Immortal  
  98  13:55  Stalker  
  98  13:56  Stalker x4  
  98  13:57  Stalker x2  
  98  13:58  Zealot  
  98  14:00  Nexus  
  114  14:03  Pylon  
  114  14:04  Pylon  
  114  14:07  Protoss Ground Weapons Level 2 (Chrono Boost)  
  114  14:08  Probe x2  
  116  14:25  Photon Cannon  
  116  14:26  Photon Cannon  
  116  14:28  Photon Cannon  
  116  14:31  Photon Cannon  
  116  14:32  Photon Cannon  
  116  14:37  Pylon  
  116  14:38  High Templar x2  
  120  14:55  Assimilator  
  120  14:59  Assimilator  
  120  15:05  Archon  
  120  15:07  Archon  
  120  15:09  Zealot  
  114  15:22  High Templar x3  
  114  15:23  Zealot  
  122  15:39  Observer  
  123  15:45  Disruptor  
  126  15:51  Zealot x4  
  126  15:56  Probe  
  135  15:59  Probe  
  136  16:05  Probe  
  136  16:08  Probe  
  136  16:09  Shield Battery  
  136  16:11  Probe  
  139  16:30  Photon Cannon  
  139  16:31  Photon Cannon  
  139  16:34  High Templar x2  
  139  16:39  Sentry  
  145  16:59  Disruptor x2  
  151  17:02  Archon x2  
  151  17:06  Probe x2  
  53  18:43  High Templar  
  53  18:44  High Templar x4  
  53  18:47  Zealot x2  
  53  18:48  Zealot  
  69  18:55  Archon x2  
  69  19:23  High Templar  
  71  19:25  Zealot  
  71  19:27  Zealot x2  
  71  19:28  Zealot x2  
  81  19:40  Pylon x2  
  81  19:42  Pylon  
  81  20:20  Nexus  
  81  20:22  Pylon, Archon  
  81  20:24  Pylon  
  81  20:26  Pylon  
  81  20:28  Pylon, Stalker  
  81  20:31  Pylon, Sentry x2  
  87  20:50  High Templar  
  89  21:02  Stalker  
  91  21:26  High Templar  
  91  21:58  Assimilator  
  91  22:01  Stalker  
  91  22:03  Sentry  
Show
View Real Time Build Order
Export as new Build Order

Gyrosman Terran - Winner!

Build Orders:  

Get SALT Encoding   

  12  0:08  SCV  
  13  0:15  Refinery  
  13  0:23  Supply Depot  
  13  0:38  SCV  
  14  0:48  Barracks  
  14  0:50  SCV  
  15  1:02  SCV  
  16  1:20  SCV  
  17  1:26  Barracks  
  17  1:32  SCV  
  18  1:47  Orbital Command  
  18  1:50  Marine  
  19  2:08  Marine  
  20  2:09  Bunker  
  20  2:24  Barracks Reactor  
  20  2:26  Marine  
  21  2:33  Engineering Bay  
  21  2:35  SCV  
  22  2:43  Marine  
  23  3:01  Supply Depot  
  23  3:04  Bunker  
  23  3:20  Marine  
  23  3:21  Marine, SCV  
  23  3:22  Marine  
  23  3:23  Supply Depot  
  27  3:33  SCV  
  28  3:39  Marine, Reaper  
  28  3:40  Marine, Factory  
  31  3:45  SCV  
  31  3:47  Supply Depot  
  32  3:57  Marine  
  32  3:58  Marine  
  34  4:10  Marine, Missile Turret  
  34  4:15  Marine x2  
  37  4:24  Factory Tech Lab  
  37  4:28  Marine  
  38  4:31  Missile Turret  
  38  4:33  Marine x2, Command Center  
  40  4:39  Missile Turret  
  40  4:46  Marine  
  41  4:56  Starport  
  41  5:04  Marine, Siege Tank  
  45  5:09  Marine x2  
  47  5:22  Marine  
  48  5:47  Refinery  
  48  5:58  Siege Tank  
  51  6:13  Orbital Command  
  51  6:21  Command Center  
  51  6:31  Supply Depot  
  51  6:44  SCV  
  52  6:55  Missile Turret  
  52  6:56  SCV  
  53  7:06  Building Armor  
  53  7:08  SCV  
  53  7:15  Missile Turret  
  54  7:18  Armory  
  54  7:20  SCV  
  55  7:32  SCV  
  55  7:36  Marine x2  
  58  7:52  Missile Turret  
  58  7:53  Marine, Medivac  
  58  7:54  Marine  
  62  8:11  Marine x2  
  64  8:14  Orbital Command  
  64  8:15  Refinery  
  64  8:23  Medivac  
  64  8:24  Missile Turret  
  66  8:28  Refinery  
  66  8:29  Marine x2  
  68  8:41  SCV  
  68  8:46  Terran Infantry Armor Level 1  
  69  8:54  SCV  
  69  8:55  Thor  
  76  8:59  Refinery  
  76  9:06  SCV  
  76  9:09  SCV, Refinery  
  78  9:18  SCV  
  78  9:21  SCV  
  80  9:30  SCV  
  81  9:33  Missile Turret  
  81  9:34  SCV  
  82  9:42  Starport Tech Lab  
  82  9:43  Thor  
  88  9:46  SCV  
  89  9:54  Marine  
  90  10:02  Fusion Core  
  90  10:04  Terran Vehicle And Ship Armor Level 1  
  90  10:12  Marine  
  91  10:26  Thor  
  97  10:30  Marine  
  98  10:39  Neosteel Frame  
  98  10:47  Marine  
  99  10:56  Battlecruiser  
  105  11:05  Marine  
  105  11:09  SCV, Thor  
  113  11:21  SCV, Weapon Refit  
  114  11:33  SCV  
  115  11:58  Terran Infantry Armor Level 2  
  115  11:59  Terran Vehicle Weapons Level 1  
  115  12:18  Supply Depot  
  115  12:40  Battlecruiser  
  115  12:41  Supply Depot  
  115  12:43  Missile Turret  
  121  13:04  Supply Depot  
  121  13:36  Thor  
  127  13:44  Supply Depot, Battlecruiser  
  133  13:48  Missile Turret  
  133  13:53  Terran Ship Weapons Level 1  
  133  14:14  Terran Infantry Weapons Level 1  
  133  14:32  Starport  
  133  14:37  Supply Depot  
  133  14:48  Battlecruiser  
  139  15:31  Supply Depot, Starport Tech Lab  
  139  15:47  Terran Vehicle And Ship Armor Level 2  
  139  15:52  Battlecruiser  
  145  16:08  Hi-Sec Auto Tracking  
  145  16:32  Command Center  
  145  16:56  Battlecruiser  
  151  17:06  Terran Infantry Armor Level 3  
  151  17:34  Battlecruiser  
  157  17:44  Orbital Command  
  157  18:01  Battlecruiser  
  157  18:02  Terran Vehicle Weapons Level 2  
  163  18:38  Battlecruiser  
  157  19:05  Battlecruiser  
  145  19:42  Battlecruiser  
  150  20:02  Missile Turret  
  150  20:06  Thor  
  156  20:09  Battlecruiser  
  162  20:22  Missile Turret  
  162  20:47  Battlecruiser  
  162  20:49  Thor  
  174  21:02  SCV  
  175  21:14  SCV  
  176  21:26  SCV  
  176  21:32  Thor  
Show
View Real Time Build Order
Export as new Build Order

RAPHAEL Protoss - Winner!

Build Orders:  

Get SALT Encoding   

  12  0:02  Probe  
  13  0:14  Probe  
  14  0:24  Assimilator  
  14  0:26  Assimilator  
  14  0:36  Pylon  
  14  0:39  Probe  
  15  1:03  Gateway  
  15  1:08  Forge  
  15  1:12  Probe  
  16  1:24  Probe  
  17  1:36  Probe  
  18  1:44  Photon Cannon  
  18  1:48  Probe  
  19  1:55  Cybernetics Core  
  19  2:00  Probe  
  20  2:12  Probe  
  20  2:13  Zealot  
  23  2:22  Pylon  
  23  2:35  Pylon  
  23  2:38  Gateway  
  23  2:40  Probe  
  24  2:46  Shield Battery  
  24  2:53  Probe  
  24  2:56  Warp Gate  
  25  3:05  Probe  
  26  3:17  Probe  
  26  3:18  Stargate  
  27  3:35  Nexus  
  27  3:40  Assimilator  
  27  3:47  Assimilator  
  27  3:52  Pylon  
  27  4:01  Probe  
  28  4:13  Probe  
  29  4:23  Stargate  
  29  4:25  Probe, Stargate  
  30  4:32  Stargate  
  30  4:37  Probe  
  31  4:49  Probe  
  31  4:52  Pylon  
  32  4:55  Probe  
  33  5:02  Probe  
  33  5:06  Protoss Air Weapons Level 1  
  34  5:08  Probe  
  34  5:14  Probe  
  36  5:16  Cybernetics Core  
  36  5:20  Probe  
  37  5:26  Probe  
  38  5:32  Probe  
  39  5:38  Probe, Void Ray  
  44  5:44  Probe  
  45  5:50  Probe  
  45  5:53  Protoss Air Armor Level 1  
  45  5:56  Probe  
  47  6:02  Probe  
  48  6:08  Probe  
  49  6:14  Probe  
  50  6:19  Fleet Beacon  
  50  6:20  Probe  
  51  6:26  Probe  
  51  6:27  Void Ray  
  51  6:30  Void Ray  
  51  6:32  Probe  
  61  6:38  Probe  
  61  6:39  Stargate  
  62  6:44  Probe  
  63  6:50  Probe  
  64  6:56  Probe  
  65  7:03  Probe, Twilight Council  
  65  7:05  Anion Pulse-Crystals  
  66  7:09  Probe  
  63  7:50  Void Ray  
  67  8:03  Pylon  
  67  8:04  Pylon  
  67  8:09  Pylon  
  67  8:12  Pylon  
  67  8:21  Void Ray x2, Stargate  
  67  8:25  Protoss Air Armor Level 2  
  75  8:32  Protoss Air Weapons Level 2  
  75  9:01  Graviton Catapult  
  75  9:04  Void Ray  
  79  9:19  Protoss Shields Level 1  
  79  9:29  Void Ray  
  83  9:35  Pylon  
  83  9:41  Pylon  
  83  9:45  Void Ray  
  87  9:55  Void Ray  
  91  10:18  Void Ray  
  95  10:22  Void Ray  
  99  10:35  Void Ray  
  101  11:14  Protoss Shields Level 2  
  101  11:20  Protoss Air Weapons Level 3  
  53  12:14  Void Ray  
  53  12:15  Void Ray  
  61  12:40  Void Ray  
  61  12:42  Void Ray  
  69  12:54  Nexus  
  69  12:56  Void Ray  
  73  13:06  Assimilator  
  73  13:11  Assimilator  
  73  13:14  Pylon  
  73  13:19  Pylon  
  73  13:21  Pylon  
  73  13:27  Pylon  
  73  13:43  Void Ray  
  73  13:44  Void Ray  
  73  13:45  Void Ray  
  85  13:51  Void Ray  
  89  14:06  Photon Cannon  
  89  14:08  Photon Cannon  
  89  14:11  Photon Cannon  
  89  14:14  Photon Cannon  
  89  14:16  Photon Cannon  
  89  14:23  Photon Cannon  
  89  14:36  Mothership  
  97  14:45  Photon Cannon  
  97  14:51  Photon Cannon  
  97  15:16  Void Ray  
  97  15:17  Void Ray  
  97  15:18  Void Ray  
  97  15:19  Void Ray  
  113  15:43  Void Ray  
  117  15:59  Void Ray  
  117  16:00  Void Ray  
  125  16:05  Protoss Air Armor Level 3  
  125  16:20  Pylon  
  125  16:22  Pylon  
  125  16:24  Void Ray  
  129  16:32  Void Ray  
  133  16:45  Void Ray  
  137  17:03  Void Ray  
  141  17:14  Void Ray  
  145  17:42  Void Ray x2  
Show
View Real Time Build Order
Export as new Build Order

XMedioo Protoss - Winner!

Build Orders: Double Forge 

Get SALT Encoding   

  12  0:04  Probe  
  13  0:16  Probe  
  13  0:20  Pylon  
  14  0:28  Probe  
  15  0:40  Probe  
  15  0:42  Forge  
  16  0:53  Probe  
  16  0:56  Gateway  
  17  1:09  Assimilator  
  17  1:14  Assimilator  
  17  1:19  Pylon  
  17  1:26  Probe (Chrono Boost)  
  18  1:36  Probe (Chrono Boost)  
  19  1:41  Probe (Chrono Boost)  
  20  1:47  Cybernetics Core  
  20  1:52  Probe (Chrono Boost)  
  21  2:00  Zealot  
  23  2:03  Probe (Chrono Boost), Protoss Ground Weapons Level 1  
  24  2:14  Pylon  
  24  2:25  Pylon  
  24  2:28  Warp Gate (Chrono Boost)  
  24  2:29  Probe  
  25  2:39  Forge  
  25  2:43  Forge  
  25  2:55  Twilight Council  
  25  3:30  Protoss Ground Armor Level 1  
  25  3:37  Protoss Shields Level 1  
  25  3:45  Nexus  
  25  3:47  Assimilator  
  25  3:51  Assimilator  
  25  3:53  Probe (Chrono Boost)  
  26  4:05  Probe (Chrono Boost)  
  27  4:13  Probe (Chrono Boost)  
  27  4:15  Blink  
  28  4:19  Probe  
  29  4:24  Protoss Ground Weapons Level 2  
  29  4:31  Probe (Chrono Boost)  
  30  4:41  Probe (Chrono Boost)  
  31  4:46  Probe (Chrono Boost)  
  32  4:55  Pylon  
  32  4:58  Probe, Pylon  
  33  5:10  Probe (Chrono Boost)  
  33  5:12  Probe (Chrono Boost)  
  36  5:22  Probe (Chrono Boost)  
  36  5:25  Protoss Ground Armor Level 2  
  36  5:27  Probe (Chrono Boost)  
  36  5:28  Probe (Chrono Boost)  
  37  5:34  Probe  
  39  5:36  Probe  
  41  5:50  Probe (Chrono Boost)  
  41  5:52  Probe (Chrono Boost)  
  42  5:57  Protoss Shields Level 2  
  42  6:01  Probe (Chrono Boost)  
  42  6:03  Probe (Chrono Boost)  
  44  6:10  Probe (Chrono Boost)  
  44  6:11  Probe (Chrono Boost)  
  46  6:15  Probe (Chrono Boost)  
  46  6:16  Charge  
  46  6:17  Gateway  
  48  6:18  Gateway  
  48  6:22  Gateway  
  47  6:26  Probe  
  48  6:42  Gateway  
  48  6:45  Gateway  
  48  6:53  Pylon  
  48  6:55  Protoss Ground Weapons Level 3  
  48  7:10  Pylon  
  48  7:11  Pylon  
  48  7:13  Pylon  
  48  7:15  Pylon  
  45  7:16  Pylon  
  45  7:39  Gateway  
  45  7:43  Gateway x2  
  45  7:56  Assimilator  
  45  8:00  Pylon  
  45  8:03  Pylon  
  45  8:14  Probe  
  46  8:24  Photon Cannon x2  
  46  8:26  Probe, Photon Cannon  
  47  8:29  Photon Cannon  
  47  8:33  Shield Battery  
  47  8:38  Protoss Ground Armor Level 3  
  47  8:39  Probe, Protoss Shields Level 3  
  48  8:43  Stalker x2  
  48  8:45  Stalker  
  54  9:00  Robotics Facility  
  54  9:06  Stalker x2  
  54  9:07  Stalker  
  60  9:18  Robotics Facility  
  60  9:42  Pylon x2  
  60  9:48  Observer (Chrono Boost)  
  61  9:56  Resonating Glaives  
  61  10:01  Warp Prism (Chrono Boost)  
  61  10:02  Pylon  
  61  10:03  Pylon  
  63  10:30  Observer  
  64  10:38  Observer  
  65  10:50  Stalker x2  
  65  10:51  Stalker x3  
  65  10:52  Stalker x2  
  65  10:53  Stalker x2  
  83  11:17  Nexus  
  83  11:21  Assimilator  
  83  11:25  Assimilator  
  83  11:28  Pylon  
  83  11:32  Pylon  
  83  11:34  Stalker  
  83  11:35  Pylon, Stalker x2  
  83  11:36  Stalker  
  83  11:37  Stalker  
  93  11:40  Pylon  
  93  11:43  Stalker  
  67  13:12  Stalker x3  
  71  13:13  Stalker x3  
  71  13:14  Stalker x2  
  71  13:15  Stalker  
  71  13:19  Probe  
  86  13:31  Probe  
  86  13:32  Photon Cannon  
  86  13:33  Photon Cannon  
  87  13:34  Photon Cannon  
  87  13:37  Photon Cannon  
  87  13:38  Photon Cannon, Stalker  
  87  13:39  Stalker  
  87  13:40  Photon Cannon  
  91  13:42  Photon Cannon  
  91  13:43  Probe  
  91  13:46  Shield Battery  
  92  13:49  Shield Battery  
  92  13:50  Shield Battery  
  92  13:55  Probe (Chrono Boost)  
  93  14:06  Stalker x3  
  93  14:07  Probe (Chrono Boost), Stalker  
  102  14:12  Probe (Chrono Boost)  
  103  14:22  Probe  
  104  14:34  Probe  
  104  14:35  Observer x2  
  107  15:03  Observer  
  107  15:33  Stalker  
  107  15:34  Stalker x4  
  107  15:35  Stalker  
  119  15:36  Zealot  
  119  15:37  Zealot x2  
  125  15:52  Gateway  
  125  15:54  Probe, Gateway  
  125  16:06  Probe  
  125  16:08  Gateway  
  125  16:09  Gateway  
  125  16:10  Gateway  
  126  16:25  Observer x2  
  128  16:31  Zealot x3  
  128  16:32  Zealot x3  
  138  16:34  Sentry x2  
  138  16:37  Stalker  
  146  17:06  Stalker x2  
  146  17:07  Stalker x2  
  154  17:09  Stalker x2  
  154  17:15  Stalker  
  160  17:16  Stalker  
  160  17:17  Stalker  
  160  17:22  Stalker  
  166  17:23  Stalker  
  166  17:24  Stalker  
  166  17:25  Stalker  
  166  17:26  Stalker  
  161  19:17  Zealot x2  
  161  19:18  Stalker  
  161  19:19  Stalker x4  
  161  19:21  Stalker x2  
  161  19:22  Stalker  
  161  19:23  Stalker  
  161  19:24  Stalker x3  
  107  20:22  Stalker x2  
  107  20:23  Stalker x4  
  107  20:24  Stalker x2  
  107  20:25  Stalker  
  107  20:26  Stalker  
  121  20:33  Nexus  
  121  20:42  Stalker x2  
  125  21:35  Nexus  
  125  22:21  Stalker  
Show
View Real Time Build Order
Export as new Build Order

shadow Terran 

Build Orders: MMM Bio 

Get SALT Encoding   

  12  0:03  SCV  
  13  0:19  Supply Depot  
  13  0:21  Refinery  
  13  0:41  SCV  
  14  0:52  Barracks  
  14  0:53  SCV  
  14  0:55  Refinery  
  15  1:06  SCV  
  16  1:23  SCV  
  17  1:44  SCV  
  18  1:51  Barracks  
  18  1:55  Supply Depot  
  18  1:56  SCV  
  19  2:14  Factory  
  19  2:19  Supply Depot  
  19  2:24  Barracks Tech Lab  
  19  2:31  Orbital Command  
  19  2:48  Combat Shields  
  19  2:50  Barracks Reactor  
  19  2:55  Marauder  
  21  3:16  Marauder  
  23  3:28  Marine x2, Command Center  
  25  3:37  Marauder  
  27  3:43  Factory Tech Lab  
  27  3:46  Marine x2  
  29  3:57  Armory  
  29  3:59  Marauder  
  31  4:03  Marine  
  31  4:04  Marine  
  31  4:05  Engineering Bay  
  31  4:06  Concussive Shells  
  33  4:32  Building Armor  
  33  4:37  Marine x2  
  35  4:50  Orbital Command  
  35  4:55  Marine x2  
  37  5:08  Thor  
  37  5:12  Marine  
  37  5:13  Marine  
  45  5:51  Thor  
  51  6:12  Terran Infantry Weapons Level 1  
  51  6:17  Terran Vehicle And Ship Armor Level 1  
  51  6:29  SCV, Refinery  
  52  6:38  Refinery  
  52  6:41  SCV  
  53  6:51  Stimpack  
  52  7:34  Thor  
  27  7:59  Marauder  
  27  8:00  Marine x2  
  31  8:06  Terran Infantry Armor Level 1  
  31  8:12  Starport  
  31  8:17  Marine, Thor  
  31  8:18  Marine  
  39  8:20  Marauder  
  41  8:29  Terran Vehicle Weapons Level 1  
  41  8:35  Marine x2  
  41  8:40  SCV  
  44  8:41  Marauder  
  46  8:50  Starport  
  46  8:53  Marine x2  
  48  9:00  Thor  
  54  9:03  Starport Tech Lab  
  54  9:20  Supply Depot  
  54  9:36  Starport Tech Lab  
  54  9:42  Marauder, Viking  
  54  9:44  Supply Depot  
  58  9:57  Viking  
  60  10:04  Marauder  
  60  10:05  Marine x2, Thor  
  70  10:07  Supply Depot  
  70  10:24  Terran Ship Weapons Level 1  
  70  10:28  Marine x2, SCV, Viking x2  
  70  10:30  Supply Depot  
  77  10:46  Marine x2  
  77  10:48  Thor  
  85  10:52  Supply Depot  
  85  10:58  Viking x2  
  89  11:04  Marine x2  
  91  11:16  Supply Depot  
  91  11:28  Medivac x2  
  91  11:31  Thor  
  96  11:39  Supply Depot  
  93  11:58  Medivac x2  
  76  12:02  Supply Depot  
  66  12:13  Thor  
  65  12:26  Supply Depot  
  39  12:42  Marine  
  39  12:43  Marine  
  41  12:46  Marauder  
  41  12:48  Supply Depot  
  37  12:56  Thor  
  43  13:00  Marine x2  
  45  13:07  Marauder  
  47  13:18  Marine x2  
  49  13:28  Marauder  
  51  13:36  Marine x2  
  51  13:39  Thor  
  59  13:41  Terran Vehicle Weapons Level 2  
  59  13:46  Command Center  
  59  13:50  Marauder  
  61  13:56  Refinery  
  61  14:03  Refinery  
  61  14:11  Marauder, Terran Infantry Weapons Level 2  
  63  14:22  Thor  
  69  14:26  Marine  
  69  14:27  Marine  
  71  14:44  Marine x2  
  73  14:58  Orbital Command  
  73  15:02  Marine x2  
  73  15:05  Thor  
  80  15:20  Marine x2  
  82  15:23  Thor  
  82  15:47  Thor  
  88  16:27  Terran Infantry Armor Level 2  
  88  16:30  Thor  
  94  16:49  Marine x2  
  94  16:52  Medivac  
  94  16:54  Medivac  
  95  17:07  Marine x2  
  95  17:08  Marauder  
  99  17:13  Thor  
  105  17:22  Medivac  
  107  17:24  Medivac  
  107  17:25  Marine x2  
  107  17:29  Marauder  
  113  17:42  Marine  
  113  17:43  Marine  
  115  17:51  Marauder  
  117  17:55  Terran Vehicle And Ship Armor Level 2  
  117  17:56  Thor  
  123  18:12  Marauder  
  124  18:33  Marauder  
  113  18:43  Terran Infantry Weapons Level 3  
  36  19:14  Thor  
  36  19:16  Marine x2  
  44  19:33  Marine  
  44  19:34  Marine, Marauder  
  48  19:51  Marine x2  
  47  19:55  Marauder  
  47  19:56  Thor  
  38  20:09  Marine x2  
  34  20:17  Marauder  
  30  20:25  Refinery  
  27  20:39  Marine x2  
Show
View Real Time Build Order
Export as new Build Order

EmperorTodd Terran 

Build Orders:  

Get SALT Encoding   

  12  0:02  SCV  
  13  0:14  SCV  
  14  0:29  SCV  
  15  0:37  Supply Depot  
  15  0:45  Refinery  
  15  0:59  SCV  
  15  1:00  Supply Depot  
  16  1:10  Barracks  
  16  1:11  SCV  
  17  1:23  SCV  
  18  1:35  SCV  
  19  1:47  SCV  
  20  1:58  Engineering Bay  
  20  2:00  SCV  
  21  2:12  SCV  
  22  2:18  Factory  
  22  2:50  Barracks Reactor  
  22  3:15  Factory Reactor  
  22  3:22  Armory  
  22  4:03  Terran Infantry Weapons Level 1  
  22  4:06  Cyclone  
  25  4:17  Marine x2  
  27  4:31  Factory  
  27  4:34  Marine  
  27  4:35  Marine  
  27  4:37  Terran Vehicle Weapons Level 1  
  29  4:52  Marine  
  29  4:53  Marine  
  29  4:54  Command Center  
  31  5:27  Supply Depot  
  31  5:42  Factory  
  31  5:46  Factory Tech Lab  
  31  5:48  Marine x2  
  31  5:49  Cyclone x2  
  39  5:51  Supply Depot  
  39  5:57  Terran Infantry Armor Level 1  
  39  6:06  Marine x2  
  39  6:07  Missile Turret  
  41  6:12  Missile Turret  
  41  6:15  Supply Depot  
  41  6:24  Marine x2  
  43  6:29  Cyclone x2  
  43  6:30  Missile Turret  
  43  6:31  Cyclone  
  52  6:34  Rapid Fire Launchers  
  52  6:37  Supply Depot  
  52  6:44  Factory Reactor  
  52  6:58  SCV  
  52  7:00  Refinery x2  
  53  7:06  SCV  
  54  7:11  SCV  
  55  7:18  SCV  
  56  7:23  SCV  
  57  7:30  SCV  
  57  7:35  SCV  
  59  7:41  Terran Vehicle Weapons Level 2  
  59  7:42  SCV  
  60  7:46  Cyclone x2  
  60  7:47  SCV  
  67  7:52  Cyclone  
  67  7:54  SCV  
  71  8:12  SCV  
  72  8:24  SCV  
  73  8:28  Cyclone  
  76  8:35  Supply Depot  
  76  8:36  SCV  
  77  8:48  SCV  
  78  8:53  Missile Turret  
  78  8:57  Cyclone x2  
  78  9:00  SCV  
  78  9:01  Supply Depot  
  85  9:14  Marine  
  86  9:23  Marine, Cyclone  
  90  9:25  Supply Depot  
  90  9:29  Cyclone  
  93  9:32  Marine  
  94  9:45  Smart Servos  
  94  9:46  Marine, Thor  
  94  9:49  Supply Depot  
  94  9:50  Marine  
  102  9:58  Terran Vehicle And Ship Armor Level 1  
  102  10:06  Supply Depot  
  102  10:10  Marine x2  
  102  10:11  Cyclone x2  
  110  10:18  Supply Depot x2  
  110  10:27  Cyclone x2  
  116  10:28  Marine  
  117  10:39  Siege Tank  
  117  10:41  Supply Depot  
  120  10:43  Cyclone x2  
  126  11:02  Cyclone x2  
  132  11:11  Siege Tank  
  132  11:15  Cyclone  
  138  11:25  Missile Turret  
  131  11:44  Cyclone  
  126  11:52  Terran Vehicle Weapons Level 3  
  82  12:08  Cyclone x2  
  82  12:10  Cyclone x2  
  82  12:14  Marine x2  
  96  12:16  Cyclone  
  93  12:32  Marine x2  
  92  12:42  Factory  
  77  12:48  Cyclone  
  73  13:02  Marine x2  
  73  13:04  Cyclone x2  
  74  13:19  Marine  
  74  13:20  Marine, Cyclone  
  74  13:22  SCV  
  80  13:31  Missile Turret  
  80  13:34  SCV  
  80  13:37  Marine x2  
  80  13:38  Missile Turret  
  83  13:42  Missile Turret  
  83  13:46  Missile Turret, SCV  
  84  13:58  SCV  
  85  14:10  SCV  
  85  14:14  Missile Turret  
  86  14:19  Missile Turret  
  86  14:25  Missile Turret  
  86  14:28  Terran Vehicle And Ship Armor Level 2  
  86  14:29  Planetary Fortress  
  86  14:30  Missile Turret  
  86  14:37  Missile Turret  
  86  14:43  Missile Turret  
  86  15:00  Factory Reactor  
  86  15:36  Missile Turret  
  86  15:47  Cyclone x2  
  86  15:49  Cyclone x2  
  98  15:51  Thor  
  98  15:55  Cyclone x2  
  110  15:58  Missile Turret  
  110  16:32  Missile Turret  
  110  16:37  Command Center  
  110  16:48  Cyclone x2  
  110  16:49  Cyclone  
  110  16:50  Missile Turret, Cyclone  
  122  17:11  Missile Turret  
  121  17:15  Missile Turret  
  118  17:44  Cyclone x2  
  123  17:45  Cyclone x2  
  123  17:48  Thor  
  135  17:58  Refinery  
  135  18:02  Missile Turret  
  135  18:22  Missile Turret  
  133  18:59  Missile Turret  
  130  19:05  Missile Turret  
  12  19:57  Cyclone  
  15  20:03  Marine  
  15  20:04  Marine  
  16  20:11  Hellion  
  16  20:12  Hellion  
  20  20:14  Hellion  
  20  20:17  Hellion  
  24  20:21  Marine x2  
  26  20:33  Hellion x2  
  30  20:36  Hellion  
  30  20:39  Marine x2  
  30  20:57  Marine x2  
Show
View Real Time Build Order
Export as new Build Order

Sicario Terran 

Build Orders:  

Get SALT Encoding   

  12  0:42  Supply Depot  
  12  0:56  Refinery  
  12  1:18  Command Center  
  12  1:19  Barracks  
  12  2:22  Marine  
  13  2:37  SCV  
  13  2:40  Marine  
  15  2:49  SCV  
  16  2:58  Marine  
  17  2:59  Supply Depot  
  17  3:01  SCV  
  18  3:13  SCV  
  18  3:15  Marine  
  20  3:25  SCV  
  21  3:31  Factory  
  21  3:48  Orbital Command  
  21  4:08  Refinery  
  21  4:15  SCV, Refinery  
  22  4:27  SCV  
  22  4:28  Engineering Bay  
  22  4:30  Barracks Tech Lab  
  23  4:31  Factory Tech Lab  
  23  4:40  SCV  
  24  4:53  SCV  
  24  4:58  Refinery  
  25  5:05  SCV  
  25  5:07  Starport  
  26  5:17  SCV  
  27  5:39  Marine  
  28  5:43  Combat Shields  
  28  5:52  Starport Tech Lab  
  28  5:53  Fusion Core  
  28  5:56  SCV  
  28  5:57  Marine  
  29  6:03  SCV  
  31  6:08  SCV  
  32  6:15  SCV, Marauder, Command Center  
  35  6:20  Siege Tank  
  38  6:28  Medivac  
  40  6:36  Marauder  
  42  6:49  Armory  
  42  6:52  Siege Tank  
  45  7:05  SCV  
  46  7:17  SCV  
  46  7:21  Battlecruiser  
  53  7:25  Terran Infantry Weapons Level 1  
  53  8:07  Refinery  
  53  8:13  Starport  
  53  8:20  Terran Vehicle Weapons Level 1  
  53  8:26  Battlecruiser  
  59  8:34  Marine  
  59  8:38  Siege Tank  
  63  8:46  SCV  
  64  8:52  Marine  
  64  8:53  Refinery  
  65  8:58  SCV  
  66  9:09  Marine  
  67  9:20  Supply Depot  
  67  9:27  Marine  
  68  9:33  Starport Tech Lab  
  68  9:36  Battlecruiser  
  74  9:44  Supply Depot  
  74  9:45  Marine  
  74  9:51  SCV  
  76  10:03  Marine, SCV  
  78  10:14  Terran Vehicle And Ship Armor Level 1  
  78  10:20  Battlecruiser  
  84  10:21  Supply Depot  
  84  10:40  Battlecruiser  
  90  10:46  Supply Depot  
  90  10:49  Missile Turret  
  90  10:59  Weapon Refit  
  90  11:11  Missile Turret  
  90  11:24  Battlecruiser  
  96  11:33  Siege Tank  
  99  11:45  Battlecruiser  
  105  12:09  Terran Ship Weapons Level 1  
  105  12:17  Supply Depot  
  105  12:21  Supply Depot  
  105  12:28  Medivac  
  107  12:41  Supply Depot  
  107  12:45  Supply Depot  
  107  12:49  Battlecruiser  
  113  12:59  Battlecruiser  
  113  13:02  Smart Servos  
  119  13:07  Siege Tank  
  122  13:26  Supply Depot  
  122  13:30  Supply Depot  
  122  13:40  Siege Tank  
  125  13:48  Supply Depot  
  125  13:52  Supply Depot  
  125  13:53  Battlecruiser  
  131  14:02  Terran Vehicle Weapons Level 2  
  131  14:03  Battlecruiser  
  131  14:08  Marauder  
  139  14:24  Supply Depot  
  139  14:30  Marauder  
  141  14:57  Battlecruiser  
  141  14:58  Missile Turret  
  147  15:07  Battlecruiser  
  153  15:31  Missile Turret  
  153  15:59  Marine  
  153  16:02  Battlecruiser  
  160  16:11  Battlecruiser  
  160  16:16  Marine  
  160  16:18  Terran Vehicle And Ship Armor Level 2  
  167  16:34  Marine  
  168  16:52  Marine  
  169  17:06  Battlecruiser  
  175  17:10  Marine  
  175  17:16  Battlecruiser  
  168  18:10  Battlecruiser  
  168  18:20  Battlecruiser  
  147  19:24  Battlecruiser  
  25  21:17  Engineering Bay  
  24  21:49  Missile Turret  
  23  22:05  Missile Turret  
Show
View Real Time Build Order
Export as new Build Order

HardRock Terran 

Build Orders:  

Get SALT Encoding   

  12  0:37  SCV  
  13  0:53  SCV  
  14  1:09  Supply Depot  
  14  1:12  SCV  
  15  1:23  Refinery  
  15  2:12  Refinery  
  15  2:15  Barracks  
  15  2:21  SCV  
  16  2:33  SCV  
  17  2:50  Supply Depot  
  17  3:25  Supply Depot  
  17  3:36  Barracks Reactor  
  17  3:40  Supply Depot  
  17  3:46  SCV  
  17  3:48  Refinery  
  18  3:58  SCV  
Tags
 
Add a new tag
Caveats
  • Supply blocks, unpowered buildings, or Contaminate may cause inaccurate times.
  • Supply counts are checked every 10 seconds.